 Dungeon Crawl Stone Soup version 0.31.0-12-g77e489cdc1 (webtiles) character file.

Game seed: 16671758797935389754

715 Ruich the Trooper (level 7, -10/44 HPs)
             Began as a Tengu Fighter on Feb 13, 2024.
             Was a Priest of Zin.
             Killed from afar by Maggie (23 damage)
             ... with a bolt of fire
             ... on level 6 of the Dungeon.
             The game lasted 00:06:30 (4350 turns).

Ruich the Trooper (Tengu Fighter)                   Turns: 4350, Time: 00:06:31

Health: -10/44     AC:  9    Str: 18    XL:     7   Next: 69%
Magic:  8/8        EV: 14    Int:  9    God:    Zin [***...]
Gold:   193        SH:  5    Dex: 13    Spells: 6/6 levels left

rFire   . . .        a - +1 long sword
rCold   . . .        c - +0 buckler
rNeg    + . .        i - +0 scale mail
rPois   .            (helmet restricted)
rElec   .            p - +1 cloak
rCorr   .            (no gloves)
SInv    .            (boots unavailable)
Will    .....        (no amulet) Stlth
                     N - ring of positive energy
HPRegen 0.27/turn    (no ring)
MPRegen 0.11/turn

%: acrobat
@: mighty, flying, mesmerised
A: beak, talons 3, evasive flight, acrobatic
a: Renounce Religion, Recite, Vitalisation, Imprison, Donate Gold


You were on level 6 of the Dungeon.
You worshipped Zin.
Zin was most pleased with you.
You visited 1 branch of the dungeon, and saw 5 of its levels.

You collected 214 gold pieces.
You donated 21 gold pieces to Zin.


Innate Abilities, Weirdness & Mutations

You have a beak for a mouth.
You have claws for feet.
Your magical flight helps you evade attacks. (EV +4)
You can magically evade attacks while moving or waiting.


   Skills:
 + Level 5.1 Fighting
 + Level 4.9 Long Blades
 - Level 3.2 Armour
 + Level 4.2 Dodging
 + Level 5.0 Shields


You had 6 spell levels left.
You didn't know any spells.
Your spell library contained the following spells:

 Spells                   Type           Power      Damage    Failure   Level
 Apportation              Tloc           0%         N/A       85%         1
 Foxfire                  Conj/Fire      0%         2x1d4     85%         1
 Necrotise                Necr           0%         1d4       85%         1
 Sting                    Conj/Alch      0%         1d3       85%         1
 Summon Small Mammal      Summ           0%         N/A       85%         1
 Airstrike                Air            0%         2d(0-16)  100%        4
 Borgnjor's Vile Clutch   Necr/Erth      0%         N/A       100%        5
 Lee's Rapid Deconstruct  Erth           0%         3d4*      100%        5
 Plasma Beam              Fire/Air       0%         2x1d10    100%        6
 Starburst                Conj/Fire      0%         6d3       100%        6

Inventory:

Hand Weapons
 a - a +1 long sword (weapon)
 b - a +0 sling
Missiles
 g - 8 poisoned darts (quivered)
Armour
 c - a +0 buckler (worn)
 i - a +0 scale mail (worn)
 p - a +1 cloak (worn)
Magical Staves
 h - a staff of earth {!a}
Jewellery
 N - a ring of positive energy (left hand)
Scrolls
 f - 2 scrolls of poison
Potions
 d - a potion of might
 e - a potion of brilliance {unknown}
 j - a potion of curing {unknown}
 k - 2 potions of heal wounds {@q2}
 o - 2 potions of enlightenment
 q - a potion of lignification

Dungeon Overview and Level Annotations

Branches:
Dungeon (4/15)
 Temple: D:4-7

Altars:
Zin

Shops:
D:1 !

Annotations:
D:2 1 runed translucent door, Crazy Yiuf
D:6 Maggie, Pikel

##...##...##
##'##.....#
##...##...##
##.....##.##
#...>...#'#
##.....##.##
##...##...##
##'##.....#
#.@.##...##
#..@..##.##
#.......#'# #+#
##.....##.## #..
##...##...## #.#
##+##..⌠..##+####.#
##...###......#
##.####.######
#'##...#


You could see Maggie (mesmerising).


Message History

You kill the jelly!
Maggie mumbles some strange words.
Maggie attempts to bespell you!
You are mesmerised by Maggie!
There is an open door here.
Maggie casts a spell at you. The bolt of fire misses you.
You slash Maggie! You peck Maggie.
Maggie is moderately wounded.
Maggie hits you with a +1 heavy broad axe.
You closely miss Maggie. You claw Maggie!
Maggie is heavily wounded.
Maggie says, "Have you seen any dragons?"
Maggie casts a spell.
Maggie draws you further into her thrall.
You hit Maggie. Your kick misses Maggie.
Maggie is heavily wounded.
You block Maggie's attack.
You hit Maggie. You peck Maggie, but do no damage.
Maggie is severely wounded.
Maggie hits you with a +1 heavy broad axe!
* * * LOW HITPOINT WARNING * * *
You closely miss Maggie.
Maggie is severely wounded.
You slash Maggie! You peck Maggie!
Maggie is almost dead.
Maggie casts a spell at you. The bolt of fire hits you!!
Ouch! That really hurt!
You die...

Skill      XL: |  1  2  3  4  5  6  7 |
---------------+----------------------+-----
Dodging        | 1 2 3 4 |  4.2
Long Blades    | 3 4 |  4.9
Fighting       | 4 5 |  5.1
Shields        | 4 5 |  5.0
Armour         | |  3.2

Action                     |  1- 3 |  4- 6 |  7- 9 || total
---------------------------+-------+-------+-------++-------
  Melee: Long sword        |    64 |    91 |    83 ||   238
         Kick              |    11 |    30 |    26 ||    67
         Peck              |     5 |     9 |    18 ||    32
   Fire: Sling             |    22 |       |       ||    22
  Throw: Dart              |       |       |     6 ||     6
    Use: Potion            |       |     1 |     1 ||     2
         Scroll            |       |     9 |     1 ||    10
 Armour: Scale mail        |    33 |    41 |    35 ||   109
  Dodge: Dodged            |    34 |    56 |    43 ||   133
  Block: Buckler           |    15 |    14 |    19 ||    48

Levels and vault maps discovered:
D:1:      psy_arrival_dodecagon, layout_loops_corners,
          ebering_ecumenical_altar_hall, serial_shops, nicolae_lakefront_shop
D:2:      layout_loops_ring, uniq_terence, uniq_crazy_yiuf_cottage
D:3:      layout_basic, grunt_decor_fettered, uniq_sigmund
D:4:      layout_basic, chequers_serial_rivers_small_3, grunt_ministairs_4,
          uniq_menkaure, uniq_edmund
D:6:      layout_basic, nicolae_hexahallways, minmay_misc_feat_doors,
          uniq_pikel, uniq_maggie

Notes
Turn   | Place    | Note
-------+----------+-------------------------------------------
     0 | D:1      | Ruich the Tengu Fighter began the quest for the Orb.
     0 | D:1      | Reached XP level 1. HP: 14/14 MP: 2/2
   164 | D:1      | Reached XP level 2. HP: 19/19 MP: 3/3
   203 | D:1      | Found Movidghacw's Distillery.
   418 | D:1      | Reached skill level 1 in Dodging
   523 | D:1      | Reached XP level 3. HP: 23/23 MP: 4/4
   531 | D:1      | Found a faded altar of an unknown god.
   540 | D:1      | Prayed at the altar of an unknown god.
   540 | D:1      | Became a worshipper of Zin the Law-Giver
   540 | D:1      | Reached * piety under Zin
  1099 | D:2      | Reached ** piety under Zin
  1196 | D:2      | Reached XP level 4. HP: 22/28 MP: 5/5
  1244 | D:2      | Reached skill level 3 in Long Blades
  1512 | D:2      | Noticed Terence
  1524 | D:2      | Killed Terence
  1525 | D:2      | Reached skill level 2 in Dodging
  1614 | D:2      | Found a runed translucent door.
  1615 | D:2      | Noticed Crazy Yiuf
  2208 | D:3      | Reached *** piety under Zin
  2234 | D:3      | Reached XP level 5. HP: 24/33 MP: 6/6
  2449 | D:3      | Noticed Sigmund
  2460 | D:3      | Zin protects you from harm!
  2461 | D:3      | Killed Sigmund
  2462 | D:3      | Reached skill level 4 in Fighting
  2462 | D:3      | Reached skill level 4 in Shields
  2462 | D:3      | Reached XP level 6. HP: 12/38 MP: 7/7
  3032 | D:4      | Reached skill level 3 in Dodging
  3112 | D:4      | Noticed Menkaure
  3120 | D:4      | Killed Menkaure
  3121 | D:4      | Reached skill level 4 in Long Blades
  3248 | D:4      | Gained mutation: Your magical flight helps you evade
                  | attacks. (EV +4) [Tengu growth]
  3248 | D:4      | Reached XP level 7. HP: 35/44 MP: 8/8
  3321 | D:4      | Noticed Edmund
  3349 | D:4      | Killed Edmund
  3609 | D:4      | Got Sif Muna's Textbook on the Hazy Fault
  3902 | D:4      | Reached skill level 4 in Dodging
  3982 | D:4      | You are sucked into a shaft and drop 2 floors!
  4009 | D:6      | Reached skill level 5 in Fighting
  4123 | D:6      | Reached skill level 5 in Shields
  4161 | D:6      | Noticed Pikel
  4338 | D:6      | Noticed Maggie
  4350 | D:6      | Killed from afar by Maggie

Vanquished Creatures
  Menkaure (D:4)
  Edmund (D:4)
  3 lemures (D:6)
  A phantom (D:4)
  A bombardier beetle (D:6)
  2 jellies
  A sleepcap (D:6)
  Terence (D:2)
  5 adders
  4 gnolls (D:3)
  2 ufetubi (D:4)
  3 dart slugs
  6 bats
  10 endoplasms
  5 giant cockroaches
  8 goblins
  11 hobgoblins
  3 jackals (D:2)
  4 quokkas
  5 ball pythons
  A frilled lizard (D:3)
  2 kobolds
  6 rats
86 creatures vanquished.

Vanquished Creatures (others)
  Sigmund (D:3)
1 creature vanquished.

Grand Total: 87 creatures vanquished

Table legend: (Time is in decaauts)
 A = Elapsed time spent in this place.
 B = Non-inter-level travel time spent in this place.
 C = Inter-level travel time spent in this place.
 D = Time resting spent in this place.
 E = Time spent auto-exploring this place.
 F = Levels seen in this place.
 G = Mean time per level.
                   A        B        C        D        E       F      G
               +--------+--------+--------+--------+--------+-----+--------+
         Total |   4422 |   4258 |    164 |    795 |   2662 |   5 |  884.4 |
       Dungeon |   4422 |   4258 |    164 |    795 |   2662 |   5 |  884.4 |
               +--------+--------+--------+--------+--------+-----+--------+

Top non-repeatable levels by time:
     D:3: 1105 daAuts
     D:1: 1025 daAuts
     D:2: 994 daAuts
     D:4: 920 daAuts
     D:6: 377 daAuts

Table legend:
 A = Non-vault XP
 B = Vault XP
 C = Vault XP percentage of total XP
 D = Non-vault monster count
 E = Vault monster count
 F = Vault count percentage of total count
                 A         B        C        D         E       F
            +---------+---------+-------+---------+---------+-------
      Total |     529 |     493 |  48.2 |      80 |       4 |   4.8
            +---------+---------+-------+---------+---------+-------
        D:1 |      47 |       0 |   0.0 |      26 |       0 |   0.0
        D:2 |      50 |      36 |  41.9 |      19 |       1 |   5.0
        D:3 |      84 |     128 |  60.4 |      14 |       1 |   6.7
        D:4 |     208 |     329 |  61.3 |      17 |       2 |  10.5
        D:6 |     140 |       0 |   0.0 |       4 |       0 |   0.0
            +---------+---------+-------+---------+---------+-------
